ESL (28 & UNDER)
RIO GRANDE RATTLESNAKE @ READING RAINBOWS
07/30/2028
 
TOP OF THE 1ST
Rio Grande Rattlesnake batting - Pitching for Reading Rainbows : LHP Pedro Rosado
Pitching: LHP Pedro Rosado
Batting: RHB Jaime Delgado 0-0: Ball
1-0: Called Strike
1-1: Ball
2-1: Ground out 5-3 (Groundball, 5L)
Batting: LHB Claudio Rodríguez 0-0: Fly out, F8 (Flyball, 89D)
Batting: RHB Gilberto Silva 0-0: Ground out 5-3 (Groundball, 5L)
Top of the 1st over - 0 run(s), 0 hit(s), 0 error(s), 0 left on base; Rio Grande 0 - Reading 0
BOTTOM OF THE 1ST
Reading Rainbows batting - Pitching for Rio Grande Rattlesnake : RHP Manny Silva
Pitching: RHP Manny Silva
Batting: RHB Richard Case 0-0: Called Strike
0-1: Ball
1-1: SINGLE (Groundball, 25) (infield hit)
Batting: RHB Juan Magdayao 0-0: Called Strike
0-1: Foul Ball, location: 2F
0-2: Strikes out swinging
Batting: RHB José Ortega 0-0: Ball
Richard Case steals 2nd base
1-0: Called Strike
Richard Case steals 3rd base
1-1: Foul Ball, location: 2F
1-2: Ball
2-2: Ball
3-2: Base on Balls
Batting: RHB Ethan Moore 0-0: Called Strike
0-1: Ball
1-1: Foul Ball, location: 2F
1-2: Ball
2-2: Strikes out swinging
Batting: LHB Richard Henry 0-0: Called Strike
0-1: Foul Ball, location: 2F
0-2: Ball
1-2: Strikes out swinging
Bottom of the 1st over - 0 run(s), 1 hit(s), 0 error(s), 2 left on base; Rio Grande 0 - Reading 0
TOP OF THE 2ND
Rio Grande Rattlesnake batting - Pitching for Reading Rainbows : LHP Pedro Rosado
Batting: RHB Iván De Jesús 0-0: Called Strike
0-1: Ball
1-1: Fly out, F4 (Popup, 34D)
Batting: RHB Jeff Bane 0-0: Ball
1-0: Called Strike
1-1: Ball
2-1: Ball
3-1: Base on Balls
Batting: RHB Paul Martin 0-0: Ball
1-0: Ball
2-0: Ball
3-0: Called Strike
3-1: Swinging Strike
3-2: Foul Ball, location: 2F
3-2: Fielders Choice at 2nd, 1-6 (Groundball, 13S)
Batting: SHB William Daly 0-0: Swinging Strike
0-1: SINGLE (Groundball, 34D)
Paul Martin to second
Runner from 2nd tries for 3rd, SAFE, throw made to third
William Daly to second
Batting: RHB Juan López 0-0: Ball
1-0: Ball
2-0: Called Strike
2-1: Swinging Strike
2-2: Hit by Pitch
Batting: SHB Jeremy Holmes 0-0: Ball
1-0: Called Strike
1-1: Ball
2-1: Fly out, F7 (Line Drive, 78M)
Top of the 2nd over - 0 run(s), 1 hit(s), 0 error(s), 3 left on base; Rio Grande 0 - Reading 0
BOTTOM OF THE 2ND
Reading Rainbows batting - Pitching for Rio Grande Rattlesnake : RHP Manny Silva
Batting: RHB Jeff Townsley 0-0: Fly out, F2 (Popup, 23)
Batting: RHB José Moreno 0-0: Called Strike
0-1: Called Strike
0-2: Ball
1-2: Fly out, F4 (Line Drive, 4)
Batting: RHB Germán Romero 0-0: Foul Ball, location: 2F
0-1: Ball
1-1: Ball
2-1: Ball
3-1: Fly out, F8 (Flyball, 8LM)
Bottom of the 2nd over - 0 run(s), 0 hit(s), 0 error(s), 0 left on base; Rio Grande 0 - Reading 0
TOP OF THE 3RD
Rio Grande Rattlesnake batting - Pitching for Reading Rainbows : LHP Pedro Rosado
Batting: RHB Jaime Delgado 0-0: Called Strike
0-1: Fly out, F8 (Line Drive, 8LM)
Batting: LHB Claudio Rodríguez 0-0: Called Strike
0-1: Called Strike
0-2: DOUBLE (Line Drive, 9LM)
Batting: RHB Gilberto Silva 0-0: Swinging Strike
0-1: Foul Ball, location: 2F
0-2: Strikes out swinging
Batting: RHB Iván De Jesús 0-0: Called Strike
0-1: Ball
1-1: Ball
2-1: Foul Ball, location: 2F
2-2: Ground out 5-3 (Groundball, 5S)
Top of the 3rd over - 0 run(s), 1 hit(s), 0 error(s), 1 left on base; Rio Grande 0 - Reading 0
BOTTOM OF THE 3RD
Reading Rainbows batting - Pitching for Rio Grande Rattlesnake : RHP Manny Silva
Batting: SHB Dan Chandler 0-0: Ball
1-0: Ground out 4-3 (Groundball, 4)
Batting: RHB Richard Case 0-0: Ball
1-0: Swinging Strike
1-1: SINGLE (Line Drive, 8RS)
Batting: RHB Juan Magdayao 0-0: Ball
1-0: Ball
2-0: Called Strike
2-1: Fly out, F6 (Popup, 6MS)
Batting: RHB José Ortega 0-0: Ball
1-0: SINGLE (Groundball, 56D)
Richard Case to second
Batting: RHB Ethan Moore 0-0: Ball
1-0: DOUBLE (Flyball, 78XD)
Richard Case scores
José Ortega to third
Runner from 3rd tries for Home, SAFE, throw made at trailing runner, OUT at third!
Bottom of the 3rd over - 2 run(s), 3 hit(s), 0 error(s), 0 left on base; Rio Grande 0 - Reading 2
TOP OF THE 4TH
Rio Grande Rattlesnake batting - Pitching for Reading Rainbows : LHP Pedro Rosado
Batting: RHB Jeff Bane 0-0: Foul Ball, location: 2F
0-1: Ball
1-1: Ball
2-1: Foul Ball, location: 2F
2-2: Foul Ball, location: 2F
2-2: Foul Ball, location: 2F
2-2: Ball
3-2: SINGLE (Line Drive, 34)
Batting: RHB Paul Martin 0-0: Ball
1-0: Grounds into double play, 6-4-3 (Groundball, 6)
Batting: SHB William Daly 0-0: Ball
1-0: Fly out, F4 (Line Drive, 4M)
Top of the 4th over - 0 run(s), 1 hit(s), 0 error(s), 0 left on base; Rio Grande 0 - Reading 2
BOTTOM OF THE 4TH
Reading Rainbows batting - Pitching for Rio Grande Rattlesnake : RHP Manny Silva
Batting: LHB Richard Henry 0-0: Foul Ball, location: 2F
0-1: SINGLE (Line Drive, 34)
Batting: RHB Jeff Townsley 0-0: Foul Ball, location: 2F
0-1: Fly out, F8 (Flyball, 8LD)
Batting: RHB José Moreno 0-0: Ball
Richard Henry is caught stealing 2nd base
1-0: Ground out 4-3 (Groundball, 4)
Bottom of the 4th over - 0 run(s), 1 hit(s), 0 error(s), 0 left on base; Rio Grande 0 - Reading 2
TOP OF THE 5TH
Rio Grande Rattlesnake batting - Pitching for Reading Rainbows : LHP Pedro Rosado
Batting: RHB Juan López 0-0: Ball
1-0: Ball
2-0: Called Strike
2-1: Ball
3-1: Called Strike
3-2: Base on Balls
Batting: SHB Jeremy Holmes 0-0: Ball
1-0: Called Strike
1-1: Ball
2-1: SINGLE (Groundball, 3D)
Juan López to second
Runner from 2nd tries for 3rd, SAFE, throw made to third
Batting: RHB Jaime Delgado 0-0: Ball
1-0: Ball
2-0: Ball
3-0: Base on Balls
Jeremy Holmes to second
Batting: LHB Claudio Rodríguez 0-0: Swinging Strike
0-1: Ball
1-1: Ball
2-1: Foul Ball, location: 2F
2-2: SINGLE (Groundball, 4MD)
Juan López scores
Jeremy Holmes to third
Jaime Delgado to second
Runner from 3rd tries for Home, SAFE, throw made at trailing runner, SAFE at third!
Batting: RHB Gilberto Silva 0-0: Swinging Strike
0-1: Ball
1-1: Ball
2-1: Swinging Strike
2-2: Reached on error, E7 (Flyball, 78M)
Jaime Delgado scores
Claudio Rodríguez to second
Batting: RHB Iván De Jesús 0-0: Ball
1-0: Fly out, F8 (Line Drive, 8RD)
Runner from 2nd tags up, SAFE at 3rd, no throw
Batting: RHB Jeff Bane 0-0: Ball
1-0: Swinging Strike
1-1: Ball
2-1: Foul Ball, location: 2F
2-2: Foul Ball, location: 2F
2-2: Ball
3-2: Foul Ball, location: 2F
3-2: Foul Ball, location: 2F
3-2: Foul Ball, location: 2F
3-2: Foul Ball, location: 2F
3-2: Base on Balls
Gilberto Silva to second
Batting: RHB Paul Martin 0-0: Called Strike
0-1: Foul Ball, location: 2F
0-2: Grounds into fielders choice 5-2 (Groundball, 5S)
Gilberto Silva to third
Jeff Bane to second
Batting: SHB William Daly 0-0: Ball
1-0: Ball
2-0: Called Strike
2-1: Foul Ball, location: 2F
2-2: Ball
3-2: Base on Balls
Gilberto Silva scores
Jeff Bane to third
Paul Martin to second
Batting: RHB Juan López 0-0: Foul Ball, location: 2F
0-1: Swinging Strike
0-2: Ball
1-2: Strikes out swinging
Top of the 5th over - 4 run(s), 2 hit(s), 1 error(s), 3 left on base; Rio Grande 4 - Reading 2
BOTTOM OF THE 5TH
Reading Rainbows batting - Pitching for Rio Grande Rattlesnake : RHP Manny Silva
Batting: RHB Germán Romero 0-0: Ball
1-0: SOLO HOME RUN (Flyball, 78XD), Distance : 410 ft
Batting: SHB Dan Chandler 0-0: Foul Ball, location: 2F
0-1: Ball
1-1: Ball
2-1: Ball
3-1: Foul Ball, location: 2F
3-2: Strikes out swinging
Batting: RHB Richard Case 0-0: Called Strike
0-1: Ball
1-1: Foul Ball, location: 2F
1-2: Strikes out looking
Batting: RHB Juan Magdayao 0-0: SINGLE (Groundball, 6D)
Batting: RHB José Ortega 0-0: Ball
1-0: Ball
2-0: Fly out, F4 (Line Drive, 34)
Bottom of the 5th over - 1 run(s), 2 hit(s), 0 error(s), 1 left on base; Rio Grande 4 - Reading 3
TOP OF THE 6TH
Rio Grande Rattlesnake batting - Pitching for Reading Rainbows : LHP Pedro Rosado
Batting: SHB Jeremy Holmes 0-0: Ball
1-0: Fly out, F9 (Flyball, 89M)
Batting: RHB Jaime Delgado 0-0: Fly out, F7 (Flyball, 7)
Batting: LHB Claudio Rodríguez 0-0: Fly out, F9 (Flyball, 9)
Top of the 6th over - 0 run(s), 0 hit(s), 0 error(s), 0 left on base; Rio Grande 4 - Reading 3
BOTTOM OF THE 6TH
Reading Rainbows batting - Pitching for Rio Grande Rattlesnake : RHP Manny Silva
Batting: RHB Ethan Moore 0-0: Called Strike
0-1: Ball
1-1: Foul Ball, location: 2F
1-2: Foul Ball, location: 2F
1-2: Foul Ball, location: 2F
1-2: Ball
2-2: Ball
3-2: Base on Balls
Batting: LHB Richard Henry 0-0: Ball
1-0: Fielders Choice at 2nd, 4-6 (Groundball, 34)
Now at SS: Geomar Dalsoglio
Batting: RHB Jeff Townsley 0-0: Ball
1-0: Ball
2-0: Ball
3-0: Base on Balls
Richard Henry to second
Batting: RHB José Moreno 0-0: Fly out, F4 (Line Drive, 4)
Batting: RHB Germán Romero 0-0: Ground out 1-3 (Groundball, P)
Bottom of the 6th over - 0 run(s), 0 hit(s), 0 error(s), 2 left on base; Rio Grande 4 - Reading 3
TOP OF THE 7TH
Rio Grande Rattlesnake batting - Pitching for Reading Rainbows : LHP Pedro Rosado
Batting: RHB Gilberto Silva 0-0: Called Strike
0-1: Fly out, F5 (Line Drive, 5)
Batting: RHB Iván De Jesús 0-0: Ball
1-0: Ball
2-0: Called Strike
2-1: Ball
3-1: Ground out 6-3 (Groundball, 6)
Batting: RHB Jeff Bane 0-0: SINGLE (Line Drive, 8LS)
Batting: RHB Paul Martin 0-0: Ball
1-0: Called Strike
1-1: Ball
2-1: Called Strike
2-2: Ball
3-2: Fly out, F4 (Line Drive, 34)
Top of the 7th over - 0 run(s), 1 hit(s), 0 error(s), 1 left on base; Rio Grande 4 - Reading 3
BOTTOM OF THE 7TH
Reading Rainbows batting - Pitching for Rio Grande Rattlesnake : RHP Manny Silva
Batting: SHB Dan Chandler 0-0: Fly out, F8 (Flyball, 8LM)
Batting: RHB Richard Case 0-0: Called Strike
0-1: Reached on error, E3 (Popup, 3)
Batting: RHB Juan Magdayao 0-0: Called Strike
Richard Case steals 2nd base
0-1: Called Strike
0-2: Ball
1-2: Foul Ball, location: 2F
1-2: Strikes out swinging
Batting: RHB José Ortega 0-0: Fly out, F7 (Flyball, 7S)
Bottom of the 7th over - 0 run(s), 0 hit(s), 1 error(s), 1 left on base; Rio Grande 4 - Reading 3
TOP OF THE 8TH
Rio Grande Rattlesnake batting - Pitching for Reading Rainbows : LHP Pedro Rosado
Pitching: RHP Luis Silva
Batting: SHB William Daly 0-0: Ball
1-0: Ball
2-0: Foul Ball, location: 2F
2-1: Foul Ball, location: 2F
2-2: Ball
3-2: Fly out, F7 (Flyball, 7LS)
Batting: RHB Juan López 0-0: Foul Ball, location: 2F
0-1: Ball
1-1: DOUBLE (Line Drive, 78M)
Pinch Hitting: SHB Brian Moyer 0-0: Called Strike
0-1: Called Strike
0-2: Foul Ball, location: 2F
0-2: Ground out U3 (Groundball, 34)
Juan López to third
Batting: RHB Jaime Delgado 0-0: Ground out 6-3 (Groundball, 6)
Top of the 8th over - 0 run(s), 1 hit(s), 0 error(s), 1 left on base; Rio Grande 4 - Reading 3
BOTTOM OF THE 8TH
Reading Rainbows batting - Pitching for Rio Grande Rattlesnake : RHP Manny Silva
Now at 3B: Brian Moyer
Batting: RHB Ethan Moore 0-0: Called Strike
0-1: DOUBLE (Flyball, 89XD)
Batting: LHB Richard Henry 0-0: Called Strike
0-1: Swinging Strike
0-2: Ball
1-2: SINGLE (Groundball, 34D)
Ethan Moore to third
Runner from 3rd tries for Home, throw and OUT!
Richard Henry to second
Pitching: RHP Juan Gutiérrez
Batting: RHB Jeff Townsley 0-0: SINGLE (Groundball, 4MD)
Richard Henry to third
Runner from 3rd tries for Home, SAFE, no throw
Pinch Hitting: RHB Ron King 0-0: Called Strike
Jeff Townsley steals 2nd base
0-1: Ball
1-1: Foul Ball, location: 2F
1-2: Ball
2-2: Ball
3-2: Base on Balls
Batting: RHB Germán Romero 0-0: Ball
Jeff Townsley steals 3rd base
Ron King to second
1-0: Intentional Walk
Pinch Hitting: RHB Hubert Brown 0-0: Ball
1-0: Grounds into double play, 6-2-3 (Groundball, 6)
Bottom of the 8th over - 1 run(s), 3 hit(s), 0 error(s), 2 left on base; Rio Grande 4 - Reading 4
TOP OF THE 9TH
Rio Grande Rattlesnake batting - Pitching for Reading Rainbows : RHP Luis Silva
Now at 1B: Hubert Brown
Now at 2B: Ron King
Batting: LHB Claudio Rodríguez 0-0: Ball
1-0: Ball
2-0: Ball
3-0: Base on Balls
Pinch Runner at 1st Chris Charles:
Batting: RHB Gilberto Silva 0-0: Ball
1-0: Foul Ball, location: 2F
1-1: Ball
2-1: Foul Ball, location: 2F
2-2: Ball
3-2: Reached on error, E6 (Groundball, 6)
Chris Charles to second
Pitching: RHP Cory Powell
Batting: RHB Iván De Jesús 0-0: Ball
1-0: Ball
2-0: Ball
3-0: Called Strike
3-1: Called Strike
3-2: Foul Ball, location: 2F
3-2: Base on Balls
Chris Charles to third
Gilberto Silva to second
Batting: RHB Jeff Bane 0-0: Ball
1-0: Ball
2-0: Called Strike
2-1: Grounds into double play, 3-2-3 (Groundball, 34)
Gilberto Silva to third
Iván De Jesús to second
Batting: RHB Paul Martin 0-0: Called Strike
0-1: Ball
1-1: Ball
2-1: Ball
3-1: Swinging Strike
3-2: Foul Ball, location: 2F
3-2: Strikes out looking
Top of the 9th over - 0 run(s), 0 hit(s), 1 error(s), 2 left on base; Rio Grande 4 - Reading 4
BOTTOM OF THE 9TH
Reading Rainbows batting - Pitching for Rio Grande Rattlesnake : RHP Juan Gutiérrez
Now at 2B: Chris Charles
Batting: RHB Richard Case 0-0: Ball
1-0: Called Strike
1-1: SINGLE (Flyball, 89S)
Batting: RHB Juan Magdayao 0-0: Sac Bunt - play at first, batter OUT! U3
Richard Case to second
Batting: RHB José Ortega 0-0: Intentional Walk
Batting: RHB Ethan Moore 0-0: Called Strike
0-1: Swinging Strike
0-2: Foul Ball, location: 2F
0-2: Foul Ball, location: 2F
0-2: Fielders Choice at 3rd, U5 (Groundball, 5L)
José Ortega to second
Batting: LHB Richard Henry 0-0: Called Strike
0-1: Foul Ball, location: 2F
0-2: Foul Ball, location: 2F
0-2: Ball
1-2: Strikes out swinging
Bottom of the 9th over - 0 run(s), 1 hit(s), 0 error(s), 2 left on base; Rio Grande 4 - Reading 4
TOP OF THE 10TH
Rio Grande Rattlesnake batting - Pitching for Reading Rainbows : RHP Cory Powell
Batting: SHB William Daly 0-0: Ball
1-0: Swinging Strike
1-1: Swinging Strike
1-2: Strikes out swinging
Pitching: LHP Robert Trent
Batting: RHB Juan López 0-0: Ball
1-0: SINGLE (Groundball, 56D)
Pinch Hitting: RHB Doug Delaney 0-0: Called Strike
Pickoff Throw to First - Error! E1
Juan López to second
0-1: Ball
1-1: Ball
2-1: Called Strike
2-2: Ball
3-2: Strikes out swinging
Batting: RHB Jaime Delgado 0-0: Foul Ball, location: 2F
0-1: Ball
1-1: Foul Ball, location: 2F
1-2: Ball
2-2: Ball
3-2: Base on Balls
Pinch Hitting: RHB Henry Foll 0-0: Called Strike
0-1: Called Strike
0-2: Ball
1-2: Ball
2-2: Fly out, F9 (Flyball, 9D)
Top of the 10th over - 0 run(s), 1 hit(s), 1 error(s), 2 left on base; Rio Grande 4 - Reading 4
BOTTOM OF THE 10TH
Reading Rainbows batting - Pitching for Rio Grande Rattlesnake : RHP Juan Gutiérrez
Now at 2B: Doug Delaney
Now at 3B: Henry Foll
Batting: RHB Jeff Townsley 0-0: Ball
1-0: Called Strike
1-1: Swinging Strike
1-2: Strikes out swinging, 2-3 out at first.
Batting: RHB Ron King 0-0: Ball
1-0: Foul Ball, location: 2F
1-1: Foul Ball, location: 2F
1-2: Ball
2-2: Ball
3-2: Strikes out looking
Batting: RHB Germán Romero 0-0: Called Strike
0-1: Foul Ball, location: 2F
0-2: Strikes out swinging
Bottom of the 10th over - 0 run(s), 0 hit(s), 0 error(s), 0 left on base; Rio Grande 4 - Reading 4
TOP OF THE 11TH
Rio Grande Rattlesnake batting - Pitching for Reading Rainbows : LHP Robert Trent
Batting: RHB Gilberto Silva 0-0: Foul Ball, location: 2F
0-1: Foul Ball, location: 2F
0-2: Ball
1-2: Fly out, F9 (Flyball, 9)
Batting: RHB Iván De Jesús 0-0: Ball
1-0: Ball
2-0: Ball
3-0: Called Strike
3-1: Base on Balls
Batting: RHB Jeff Bane 0-0: Ball
1-0: Called Strike
1-1: SINGLE (Groundball, 56D)
Iván De Jesús to second
Iván De Jesús to third
Batting: RHB Paul Martin 0-0: Ball
1-0: Ball
2-0: Ball
3-0: Base on Balls
Jeff Bane to second
Batting: SHB William Daly 0-0: Called Strike
0-1: Ball
1-1: Ball
2-1: Ball
3-1: Called Strike
3-2: Base on Balls
Iván De Jesús scores
Jeff Bane to third
Paul Martin to second
Batting: RHB Juan López 0-0: Ball
1-0: Ball
2-0: Called Strike
2-1: Foul Ball, location: 2F
2-2: GRAND SLAM HOME RUN (Flyball, 78XD), Distance : 395 ft
Batting: RHB Doug Delaney 0-0: Ball
1-0: Ball
2-0: Ball
3-0: Called Strike
3-1: Foul Ball, location: 2F
3-2: Foul Ball, location: 2F
3-2: Base on Balls
Batting: RHB Jaime Delgado 0-0: Ball
1-0: Swinging Strike
1-1: Foul Ball, location: 2F
1-2: Ball
2-2: Ball
Doug Delaney steals 2nd base
3-2: Base on Balls
Batting: RHB Henry Foll 0-0: Called Strike
0-1: Ball
1-1: Called Strike
1-2: Ball
2-2: Foul Ball, location: 2F
2-2: Ball
3-2: Foul Ball, location: 2F
3-2: Fly out, F9 (Flyball, 9S)
Pitching: RHP Jack Dean
Batting: RHB Gilberto Silva 0-0: Swinging Strike
0-1: Ball
1-1: Foul Ball, location: 2F
1-2: Fly out, F3 (Popup, 3D)
Top of the 11th over - 5 run(s), 2 hit(s), 0 error(s), 2 left on base; Rio Grande 9 - Reading 4
BOTTOM OF THE 11TH
Reading Rainbows batting - Pitching for Rio Grande Rattlesnake : RHP Juan Gutiérrez
Batting: RHB Hubert Brown 0-0: Swinging Strike
0-1: Ball
1-1: Ball
2-1: Fly out, F8 (Flyball, 8RS)
Batting: RHB Richard Case 0-0: Ball
1-0: Ball
2-0: Foul Ball, location: 2F
2-1: Ball
3-1: Base on Balls
Pitching: RHP Jesús Ramírez
Batting: RHB Juan Magdayao 0-0: Foul Ball, location: 2F
0-1: Ball
1-1: Swinging Strike
1-2: Strikes out swinging
Batting: RHB José Ortega 0-0: Ball
1-0: SINGLE (Groundball, 5D)
Richard Case to second
Runner from 2nd tries for 3rd, SAFE, throw made to third
Batting: RHB Ethan Moore 0-0: Called Strike
0-1: Foul Ball, location: 2F
0-2: Ball
1-2: Ball
2-2: Strikes out swinging
Bottom of the 11th over - 0 run(s), 1 hit(s), 0 error(s), 2 left on base; Rio Grande 9 - Reading 4
Tuesday, August 8th, 2017 - OOTP Baseball 17.12 Build 75